 Dungeon Crawl Stone Soup version 0.28.0-53-g5a82cb258f (webtiles) character file.

Game seed: 1665881453311111044

182776 enile the Stickfighter (level 17, -5/146 (148) HPs)
             Began as a Gnoll Wanderer on May 31, 2022.
             Was an Initiate of Yredelemnul.
             Killed from afar by a deep elf zephyrmancer (9 damage)
             ... with a bolt of lightning
             ... on level 2 of the Elven Halls.
             The game lasted 02:02:22 (44655 turns).

enile the Stickfighter (Gnoll Wanderer)            Turns: 44655, Time: 02:02:23

HP:   -5/146 (148)  AC: 38    Str: 19    XL:     17   Next: 97%
MP:   43/43         EV: 12    Int: 17    God:    Yredelemnul [......]
Gold: 459           SH:  0    Dex: 15    Spells: 32/40 levels left

rFire   . . .      SeeInvis +   N - +8 trident "Rarui" {freeze, SInv}
rCold   . . .      Faith    .   L - +2 tower shield {AC+3}
rNeg    + . .      Spirit   .   b - +8 storm dragon scales of Pyff {rElec rF- Str+4}
rPois   +          Reflect  .   x - +3 hat of Pondering {ponderous, Will+ MP+10 Int+5}
rElec   +          Harm     .   J - +2 ratskin cloak {*Rats rPois rN+ Str-1 Int-1 Dex+1}
rCorr   +          Rampage  .   n - +2 pair of gloves
Will    ++...                   (no boots)
Stlth   ..........              z - amulet of regeneration
HPRegen 1.14/turn               Y - ring of resist corrosion
MPRegen 0.28/turn               w - ring of protection from fire

@: confused, mighty, on fire, ambrosia-drunk, on berserk cooldown, slowed,
glowing, studying Staves, lightly drained, very slow
A: fangs 1, strong nose, distributed training, claws 1, iridescent scales 1,
robust 1, sturdy frame 1
}: 1/15 runes: serpentine
a: Renounce Religion, Recall Undead Harvest


You were on level 2 of the Elven Halls.
You worshipped Yredelemnul.
Yredelemnul was pleased with you.
You visited 5 branches of the dungeon, and saw 29 of its levels.
You also visited: Ossuary, Bailey and Volcano.

You collected 2831 gold pieces.
You spent 2372 gold pieces at shops.

Inventory:

Hand Weapons
 v - a +1 dagger of venom
 H - the +5 scimitar of the Enchanted Forest {flame, *Corrode Int+4 SInv}
   (You bought it in a shop on level 15 of the Dungeon)

   It burns those it strikes, dealing additional fire damage.
   Big, fiery blades are also staple armaments of hydra-hunters.
   Int:       It affects your intelligence (+4).
   SInv:      It lets you see invisible.
   *Corrode:  It may corrode you when you take damage.
 I - a +1 broad axe of freezing
 N - the +8 trident "Rarui" (weapon) {freeze, SInv}
   (You bought it in a shop on level 2 of the Orcish Mines)

   It freezes those it strikes, dealing additional cold damage.
   It can also slow down cold-blooded creatures.
   SInv:      It lets you see invisible.
 O - a +3 arbalest of flaming
Missiles
 s - a throwing net
 C - 2 curare-tipped darts
 V - 184 bolts
Armour
 b - the +8 storm dragon scales of Pyff (worn) {rElec rF- Str+4}
   (You found it in a bailey)

   Str:       It affects your strength (+4).
   rF:        It makes you vulnerable to fire.
   rElec:     It insulates you from electricity.
 f - a +0 helmet of intelligence
 j - a +1 kite shield of fire resistance
 n - a +2 pair of gloves (worn)
 x - the +3 hat of Pondering (worn) {ponderous, Will+ MP+10 Int+5}
   (You bought it in a shop on level 2 of the Orcish Mines)

   Int:       It affects your intelligence (+5).
   MP:        It affects your magic capacity (+10).
   Will:      It increases your willpower.
 J - the +2 ratskin cloak (worn) {*Rats rPois rN+ Str-1 Int-1 Dex+1}
   (You found it on level 11 of the Dungeon)

   When the wearer is hurt, rats may emerge from it to assist them.
   Str:       It affects your strength (-1).
   Int:       It affects your intelligence (-1).
   Dex:       It affects your dexterity (+1).
   rPois:     It protects you from poison.
   rN:        It protects you from negative energy.
 L - a +2 tower shield of protection (worn)
Jewellery
 e - the ring of Stoicism {rElec rPois rF+ Str+5 Slay-3}
   (You found it on level 1 of the Lair of Beasts)

   [ring of poison resistance]

   Str:       It affects your strength (+5).
   Slay:      It affects your accuracy & damage with ranged weapons and melee
   (-3).
   rF:        It protects you from fire.
   rElec:     It insulates you from electricity.
   rPois:     It protects you from poison.
 w - a ring of protection from fire (right hand)
 z - an amulet of regeneration (around neck)
 A - an amulet of magic regeneration
 M - an amulet of the acrobat
 P - a +6 ring of intelligence
 R - a ring of willpower
 Y - a ring of resist corrosion (left hand)
Wands
 a - a wand of polymorph (10)
 h - a wand of digging (7)
 i - a wand of iceblast (6)
 o - a wand of paralysis (1) (quivered)
 u - a wand of flame (30)
Scrolls
 k - a scroll of vulnerability
 m - 12 scrolls of identify
 p - 4 scrolls of amnesia
 t - 2 scrolls of enchant weapon
 y - 5 scrolls of enchant armour
Potions
 g - 3 potions of mutation
 q - 3 potions of ambrosia
 r - 6 potions of brilliance
 D - 2 potions of flight
 E - 3 potions of magic
 G - a potion of might
 K - 2 potions of cancellation
 X - 5 potions of curing
Miscellaneous
 c - a lightning rod (3/4)


   Skills:
 + Level 12.8 Fighting
 + Level 12.0 Short Blades
 + Level 12.0 Long Blades
 + Level 12.0 Axes
 + Level 12.0 Maces & Flails
 + Level 12.0 Polearms
 + Level 16.1 Staves
 + Level 12.0 Slings
 + Level 12.0 Bows
 + Level 12.0 Crossbows
 + Level 12.0 Throwing
 + Level 12.0 Armour
 + Level 12.8 Dodging
 + Level 12.0 Stealth
 + Level 12.0 Shields
 + Level 15.6 Unarmed Combat
 + Level 12.0 Spellcasting
 + Level 10.2 Conjurations
 + Level 10.2 Hexes
 + Level 10.2 Summonings
 + Level 10.2 Necromancy
 + Level 10.2 Translocations
 + Level 10.2 Transmutations
 + Level 10.2 Fire Magic
 + Level 10.2 Ice Magic
 + Level 10.2 Air Magic
 + Level 10.2 Earth Magic
 + Level 10.2 Poison Magic
 + Level 13.1 Invocations
 + Level 12.3 Evocations


You had 32 spell levels left.
You knew the following spells:

 Your Spells              Type           Power      Damage    Failure   Level
a - Mephitic Cloud        Conj/Pois/Air  45%        N/A       7%          3
b - Blink                 Tloc           90%        N/A       3%          2
c - Inner Flame           Hex/Fire       45%        N/A       7%          3

Your spell library contained the following spells:

 Spells                   Type           Power      Damage    Failure   Level
 Beastly Appendage        Tmut           90%        N/A       2%          1
 Foxfire                  Conj/Fire      100%       2x1d9     2%          1
 Freeze                   Ice            100%       1d11      2%          1
 Summon Small Mammal      Summ           100%       N/A       2%          1
 Wereblood                Tmut           45%        N/A       3%          2
 Call Canine Familiar     Summ           45%        N/A       7%          3
 Conjure Flame            Conj/Fire      45%        6-21      7%          3
 Frozen Ramparts          Ice            90%        1d11      7%          3
 Ignite Poison            Fire/Tmut/Pois 45%        N/A       7%          3
 Lesser Beckoning         Tloc           45%        N/A       7%          3
 Spider Form              Tmut/Pois      45%        N/A       7%          3
 Stone Arrow              Conj/Erth      90%        3d12      7%          3
 Summon Guardian Golem    Hex/Summ       45%        N/A       7%          3
 Animate Armour           Summ/Erth      90%        N/A       22%         4
 Flame Wave               Conj/Fire      45%        2d10      22%         4
 Hailstorm                Conj/Ice       45%        3d10      22%         4
 Sticky Flame             Conj/Fire      45%        2d6       22%         4
 Alistair's Intoxication  Tmut/Pois      30%        N/A       54%         5
 Borgnjor's Vile Clutch   Necr/Erth      22%        N/A       54%         5
 Freezing Cloud           Conj/Ice/Air   22%        6-21      54%         5
 Manifold Assault         Tloc           45%        N/A       54%         5
 Summon Forest            Summ/Tloc      22%        N/A       54%         5
 Summon Mana Viper        Hex/Summ       45%        N/A       54%         5
 Eringya's Noxious Bog    Tmut/Pois      22%        N/A       98%         6
 Summon Cactus Giant      Summ           22%        N/A       98%         6
 Malign Gateway           Summ/Tloc      22%        N/A       100%        7
 Storm Form               Tmut/Air       22%        N/A       100%        7
 Lehudib's Crystal Spear  Conj/Erth      22%        10d6      100%        8
 Summon Horrible Things   Summ           22%        N/A       100%        8


Dungeon Overview and Level Annotations

Branches:
Dungeon (15/15)            Temple (0/1) D:6            Lair (6/6) D:9
 Shoals (0/4) Lair:4        Snake (4/4) Lair:3        Slime (0/5) Lair:6
    Orc (2/2) D:12            Elf (2/3) Orc:2        Vaults (0/5) D:14
 Depths (0/4) D:15        Ossuary (visited)          Bailey (visited)
Volcano (visited)

Altars:
Gozag
Kikubaaqudgha
Nemelex Xobeh
Qazlal
Sif Muna
Xom
Yredelemnul
Zin
Beogh

Shops:
D:15 [(*([   Orc:2 ![[(   Snake:1 (   Snake:2 :==

Annotations:
D:6 1 transporter
D:14 Roxanne
D:15 2 transporters, Purphixowk's ghost, journeyman DsGl; Qishud's ghost, adept GrEE
Lair:2 exclusion: oklob plant
Snake:4 3 runed translucent doors, Uweged's ghost, adept SpBr
Elf:1 2 transporters, wjchen's ghost, adept MiFi
Elf:2 Saint Roka


Innate Abilities, Weirdness & Mutations

You have very sharp teeth.
Your uncanny sense of smell can sniff out nearby items.
Your experience applies equally to all skills.
You have sharp fingernails.
You are partially covered in iridescent scales. (AC +2)
You are robust. (+10% HP)
Your movements are slightly less encumbered by armour. (ER -2)


Message History

A deep elf zephyrmancer comes into view.
It is wielding a +0 dagger.
As you read the scroll of blinking, it crumbles to dust.
The deep elf zephyrmancer mumbles some strange words.
The deep elf zephyrmancer blinks!
The deep elf zephyrmancer moves out of view.
You are confused.
You feel invigorated.
You feel yourself slow down.
You feel less invigorated.
You feel less confused.
You are confused.
You feel invigorated.
The +0 halberd of venom hits you but does no damage. x2
The deep elf pyromancer hits you with a +2 long sword of holy wrath.
The +1 halberd of protection hits you from afar.
The +0 halberd of venom hits you from afar!!
* * * LOW HITPOINT WARNING * * *
The deep elf pyromancer hits you but does no damage.
The +1 halberd of protection hits you but does no damage.
You bump into the crystal wall.
The +0 halberd of venom hits you but does no damage.
The +1 halberd of protection hits you from afar!!
* * * LOW HITPOINT WARNING * * *
The deep elf pyromancer gestures at you while chanting.
The sticky flame hits you but does no damage.
You are covered in liquid flames!
The +0 halberd of venom hits you from afar.
* * * LOW HITPOINT WARNING * * *
The +3 battleaxe of distortion hits you.
* * * LOW HITPOINT WARNING * * *
Space warps around you.
* * * LOW HITPOINT WARNING * * *
The +1 halberd of protection hits you but does no damage.
A deep elf zephyrmancer comes into view.
It is wielding a +0 long sword.
The deep elf zephyrmancer points at you and mumbles some strange words.
The bolt of lightning hits the +3 battleaxe of distortion.
The +3 battleaxe of distortion completely resists.
The bolt of lightning hits you! You resist.
You die...
Your body rises from the dead as a mindless zombie.

##)§..........###.........
#............# #.........
##............###.........
#.#.......e..#...#........
#..#........#..e..#.......
#...#......#.......#......
#....#....#(e......,#....#
#...(☼#.e#.(........,#..#.
##.e(..##@......e....,##.,
##.e.°.##(...........,**,,
#...E○#..#...........*,,*,
#....#..e.#.........#,,,,*
#...#......#.......#,,,,,,
#..#........#.....#,,,,,,,
#.#..........#...#.,,,,,,,
##............###.,,,,,,,,
#............# *,,,,,,,,,


You could see a deep elf knight (fast, invisible), 2 deep elf pyromancers, 2
deep elf zephyrmancers and 3 dancing weapons.

Vanquished Creatures
  Nikola (Snake:1)
  10 nagarajas
  2 orc warlords (Orc:2)
  5 deep elf death magi (Elf:1)
  2 fire dragons (D:15)
  7 hydras
  12 naga warriors
  6 vault guards
  2 boulder beetles
  A salamander tyrant (Snake:2)
  5 centaur warriors
  3 death yaks
  3 anacondas
  A two-headed ogre (D:13)
  14 dancing weapons
  2 orc high priests (Orc:2)
  11 naga sharpshooters
  5 shock serpents
  4 deep elf knights
  A hell knight (Volcano)
  5 skeletal warriors (D:11)
  2 salamander mystics
  A spriggan rider (Lair:6)
  The ghost of Spectrina the Abyss-Baptised, a novice HuMo of Lugonu (D:6)
  An orc knight (Orc:2)
  3 naga ritualists (Snake:4)
  2 deep elf archers (Elf:1)
  9 deep elf zephyrmancers (Elf:1)
  17 deep elf pyromancers
  3 mana vipers
  3 cyclopes
  An ugly thing zombie (D:15)
  2 orc sorcerers (Orc:2)
  4 ugly things (D:15)
  A manticore (D:15)
  14 salamanders
  3 guardian serpents (Snake:3)
  24 black mambas
  2 shock serpent zombies
  Maurice (D:12)
  7 elephants
  10 naga magi
  A spectral slime creature (Lair:6)
  A merfolk siren (Lair:4)
  A torpor snail (Lair:6)
  7 cane toads
  A gargoyle (D:10)
  A yaktaur (Bailey)
  An unseen horror (D:10)
  A freezing wraith (D:14)
  A spectral mana viper (Snake:4)
  A rime drake (Lair:1)
  2 komodo dragons
  3 hornets (Lair:6)
  3 polar bears (Lair:6)
  A queen bee (Orc:1)
  2 trolls
  A wolf spider simulacrum (D:14)
  6 slime creatures
  14 blink frogs
  A dream sheep (Bailey)
  A spectral black mamba (Snake:2)
  A water elemental (Elf:1)
  2 black mamba zombies
  10 spriggans (Lair:6)
  A vampire (D:13)
  6 fire elementals
  A basilisk (shapeshifter) (D:13)
  46 yaks
  5 wraiths
  2 wyverns
  A basilisk (Lair:5)
  4 vampire mosquitoes (D:14)
  A steam dragon (D:8)
  4 wargs
  4 acid dragons
  39 nagas
  11 water moccasins
  2 hell hounds (D:12)
  A spectral yak (Lair:5)
  A spectral blink frog (Lair:6)
  2 hornet zombies (Lair:6)
  A spectral queen bee (Orc:1)
  3 black bears (Lair:6)
  5 elf zombies
  10 naga zombies
  A blink frog zombie (Lair:6)
  33 orc warriors
  A sky beast (D:6)
  26 wolves
  12 centaurs
  6 ogres
  4 boggarts (Lair:6)
  A tengu (shapeshifter) (D:10)
  A phantom (D:5)
  A torpor snail zombie (Lair:6)
  2 salamander zombies (Snake:3)
  A wyvern zombie (D:6)
  5 gnoll sergeants
  5 scorpions
  7 bullfrogs
  An earth elemental (Elf:2)
  A water moccasin zombie (Lair:6)
  6 spriggan zombies (Lair:6)
  A water moccasin skeleton (D:5)
  A warg zombie (Orc:2)
  5 yak zombies (Lair:6)
  41 killer bees
  A polar bear zombie (Lair:6)
  3 spectral nagas
  An electric eel (D:8)
  A spectral wolf (Lair:6)
  A troll zombie (Orc:2)
  2 wolf zombies (Lair:6)
  3 howler monkeys (D:13)
  7 centaur zombies
  2 black bear zombies (Lair:6)
  A basilisk zombie (Lair:5)
  11 jellies
  3 centaur skeletons
  2 gnoll shamans (D:10)
  22 orc priests
  11 hounds
  An iguana (D:7)
  A spectral boggart (Lair:6)
  A bullfrog skeleton (D:5)
  18 orc wizards
  A spectral killer bee (Orc:1)
  4 killer bee zombies
  2 ogre zombies (Ossuary)
  8 mummies
  31 gnolls
  A howler monkey skeleton (D:7)
  5 adders
  A shadow imp (D:7)
  2 white imps
  2 ufetubi (D:4)
  6 adder zombies (Ossuary)
  An adder skeleton (D:4)
  A spectral gnoll (D:10)
  3 worms
  2 dart slugs
  85 orcs
  21 endoplasms
  3 giant cockroaches
  5 gnoll zombies
  9 goblins
  6 hobgoblins
  8 jackals
  5 kobolds
  7 ball pythons
  5 bats
  2 frilled lizards
  2 goblin zombies (Ossuary)
  A hobgoblin zombie (Ossuary)
  6 kobold zombies (Ossuary)
  27 orc zombies
  2 quokka zombies (Ossuary)
  4 rats
  7 rat zombies (Ossuary)
  7 spectral orcs (Orc:2)
  A briar patch (Lair:1)
963 creatures vanquished.

Vanquished Creatures (collateral kills)
  A nagaraja (Snake:2)
  Azrael (D:12)
  The ghost of nickcage the Basher, a journeyman DsGl of Qazlal (Lair:4)
  2 naga warriors
  2 hydras (Lair:5)
  An anaconda (Snake:2)
  3 death yaks (Lair:5)
  The ghost of dornbeast the Tainter, a novice DrVM of Fedhas (D:9)
  An anaconda zombie (Snake:2)
  2 deep elf pyromancers
  A mana viper (Snake:4)
  A deep elf zephyrmancer (Elf:2)
  3 salamanders
  An oklob plant (Lair:2)
  4 black mambas
  4 elephants
  5 naga magi
  3 cane toads
  3 rime drakes
  A tengu conjurer (D:13)
  A komodo dragon (Lair:6)
  A hornet (Lair:6)
  A slime creature (Lair:6)
  5 blink frogs
  A dream sheep (Lair:6)
  A vampire (D:13)
  17 yaks
  2 spriggans (Lair:6)
  A human (shapeshifter) (Elf:2)
  3 basilisks
  8 nagas
  A naga zombie (Snake:4)
  2 water moccasins
  A cane toad zombie (Lair:6)
  A necrophage (D:6)
  5 wolves
  3 centaurs
  A bullfrog (Lair:4)
  3 killer bees (Orc:1)
  A centaur zombie (D:7)
  3 orc priests (Orc:2)
  2 orc wizards
  8 orcs
  A goblin (D:9)
  2 bushes (Lair:2)
116 creatures vanquished.

Vanquished Creatures (others)
  A naga warrior (Snake:1)
  A deep elf knight (Elf:2)
  2 deep elf pyromancers
  A mana viper (Snake:1)
  2 deep elf zephyrmancers (Elf:1)
  A spectral slime creature (Lair:6)
  A black mamba (Snake:1)
  A human zombie (D:13)
  9 black mamba zombies
  A spectral yak (Lair:4)
  2 cane toad zombies
  A naga (Snake:4)
  18 naga zombies
  9 elf zombies
  5 blink frog zombies
  A merfolk zombie (Lair:4)
  A vampire mosquito zombie (D:14)
  5 salamander zombies
  A komodo dragon zombie (Lair:6)
  3 water moccasin zombies
  A spectral ogre (Orc:1)
  9 yak zombies
  A spectral naga (Snake:3)
  11 wolf zombies
  5 centaur zombies
  2 bullfrog zombies
  A spectral orc (Orc:1)
  A scorpion zombie (D:6)
  A spectral killer bee (Orc:1)
  6 killer bee zombies
  A sky beast zombie (D:6)
  4 hound zombies
  A howler monkey zombie (D:13)
  4 spectral jellies (D:10)
  A shadow imp (D:8)
  An adder zombie (D:6)
  A spectral white imp (D:8)
  An orc (Orc:2)
  8 gnoll zombies
  A jackal zombie (D:10)
  30 orc zombies
  4 spectral endoplasms (D:10)
  2 briar patches (Lair:1)
  52 fungi
  76 plants
291 creatures vanquished.

Grand Total: 1370 creatures vanquished

Notes
Turn   | Place    | Note
-------+----------+-------------------------------------------
     0 | D:1      | Reached skill level 10 in Unarmed Combat
     0 | D:1      | enile the Gnoll Wanderer began the quest for the Orb.
     0 | D:1      | enile set off with the following items: a +0 dagger, a
                  | scroll of blinking, a potion of lignification, a scroll of
                  | fog, a +0 leather armour, a potion of invisibility
     0 | D:1      | Reached XP level 1. HP: 20/20 MP: 1/1
   294 | D:1      | Reached XP level 2. HP: 26/26 MP: 2/2
   977 | D:1      | Reached XP level 3. HP: 31/31 MP: 3/3
  1274 | D:2      | Reached skill level 1 in Invocations
  1345 | D:2      | Reached skill level 1 in Short Blades
  1345 | D:2      | Reached skill level 1 in Long Blades
  1345 | D:2      | Reached skill level 1 in Axes
  1345 | D:2      | Reached skill level 1 in Maces & Flails
  1345 | D:2      | Reached skill level 1 in Polearms
  1345 | D:2      | Reached skill level 1 in Staves
  1345 | D:2      | Reached skill level 1 in Slings
  1345 | D:2      | Reached skill level 1 in Bows
  1345 | D:2      | Reached skill level 1 in Crossbows
  1345 | D:2      | Reached skill level 1 in Throwing
  1345 | D:2      | Reached skill level 1 in Armour
  1345 | D:2      | Reached skill level 1 in Stealth
  1345 | D:2      | Reached skill level 1 in Shields
  1345 | D:2      | Reached skill level 1 in Spellcasting
  1347 | D:2      | Reached XP level 4. HP: 25/38 MP: 5/5
  1600 | D:2      | Reached skill level 1 in Conjurations
  1600 | D:2      | Reached skill level 1 in Hexes
  1600 | D:2      | Reached skill level 1 in Summonings
  1600 | D:2      | Reached skill level 1 in Necromancy
  1600 | D:2      | Reached skill level 1 in Translocations
  1600 | D:2      | Reached skill level 1 in Transmutations
  1600 | D:2      | Reached skill level 1 in Fire Magic
  1600 | D:2      | Reached skill level 1 in Ice Magic
  1600 | D:2      | Reached skill level 1 in Air Magic
  1600 | D:2      | Reached skill level 1 in Earth Magic
  1600 | D:2      | Reached skill level 1 in Poison Magic
  2460 | D:3      | Reached XP level 5. HP: 24/43 MP: 6/6
  3636 | D:4      | Reached XP level 6. HP: 50/50 MP: 8/8
  3677 | D:4      | Identified the +1 plate armour of Untruth {Fly Str+2
                  | Stlth+}
  3753 | D:4      | Reached skill level 5 in Fighting
  3753 | D:4      | Reached skill level 5 in Dodging
  3895 | D:4      | Reached skill level 2 in Staves
  4464 | D:5      | Entered Level 5 of the Dungeon
  4470 | D:5      | Reached XP level 7. HP: 48/56 MP: 10/10
  5017 | D:5      | Gained mutation: Your body sometimes deteriorates upon
                  | taking damage. [potion of mutation]
  5017 | D:5      | Lost mutation: Your body sometimes deteriorates upon taking
                  | damage. [potion of mutation]
  5017 | D:5      | Gained mutation: You are covered in fur. (AC +1) [potion of
                  | mutation]
  5526 | D:5      | Found an ancient bone altar of Kikubaaqudgha.
  5527 | D:5      | Found a stormy altar of Qazlal.
  5528 | D:5      | Found a shimmering altar of Xom.
  5528 | D:5      | Found a basalt altar of Yredelemnul.
  5546 | D:5      | Reached XP level 8. HP: 63/63 MP: 12/12
  5556 | D:5      | Became a worshipper of Yredelemnul the Dark
  5601 | D:5      | Reached skill level 3 in Staves
  5761 | D:6      | Found Zin's Purification Station.
  5764 | D:6      | Found a glowing silver altar of Zin.
  5767 | D:6      | Bought a potion of curing for 90 gold pieces
  5788 | D:6      | Found a sand-covered staircase.
  5797 | Ossuary  | Entered an ossuary
  6578 | D:6      | Found a staircase to the Ecumenical Temple.
  6800 | D:6      | Found a transporter.
  6800 | D:6      | Identified the +4 scale mail of Ignis's Scorn {rF+}
  6800 | D:6      | Identified the +1 kite shield of Mocaomis {Int+5}
  6803 | D:6      | Found a transporter.
  6804 | D:6      | Noticed Spectrina's ghost (novice HuMo)
  6934 | D:6      | Reached * piety under Yredelemnul
  7022 | D:6      | Reached ** piety under Yredelemnul
  7255 | D:6      | Killed Spectrina's ghost
  7256 | D:6      | Reached skill level 4 in Staves
  7256 | D:6      | Reached XP level 9. HP: 50/69 MP: 13/15
  7280 | D:6      | Reached skill level 5 in Evocations
  7801 | D:7      | Noticed a deep elf pyromancer
  8077 | D:7      | Noticed an orange demon
  8077 | D:7      | Noticed a kobold demonologist
  8106 | D:7      | a kobold demonologist changed into a scorpion
  8342 | D:7      | Noticed a cyclops
  8365 | D:7      | Reached skill level 5 in Invocations
  8615 | D:7      | Noticed a mana viper
  8615 | D:7      | a deep elf pyromancer changed into a mana viper
  8858 | D:8      | Reached skill level 5 in Staves
  9099 | D:8      | Reached XP level 10. HP: 44/77 MP: 17/17
  9552 | D:9      | Found a runed translucent door.
  9555 | D:9      | Noticed dornbeast's ghost (novice DrVM)
  9676 | D:9      | Reached skill level 5 in Short Blades
  9676 | D:9      | Reached skill level 5 in Long Blades
  9676 | D:9      | Reached skill level 5 in Axes
  9676 | D:9      | Reached skill level 5 in Maces & Flails
  9676 | D:9      | Reached skill level 5 in Polearms
  9676 | D:9      | Reached skill level 5 in Slings
  9676 | D:9      | Reached skill level 5 in Bows
  9676 | D:9      | Reached skill level 5 in Crossbows
  9676 | D:9      | Reached skill level 5 in Throwing
  9676 | D:9      | Reached skill level 5 in Armour
  9676 | D:9      | Reached skill level 5 in Stealth
  9676 | D:9      | Reached skill level 5 in Shields
  9676 | D:9      | Reached skill level 5 in Spellcasting
  9704 | D:9      | Reached skill level 6 in Staves
  9753 | D:9      | Found a flagged portal.
  9762 | Bailey   | Entered a bailey
 10208 | Bailey   | Noticed an orc knight
 11021 | Bailey   | an orc knight changed into a yaktaur
 11385 | Bailey   | Noticed an orc knight
 11387 | Bailey   | an orc knight changed into a dream sheep
 11424 | Bailey   | Identified the +8 storm dragon scales of Pyff {rElec rF-
                  | Str+4}
 11596 | D:9      | Found an opulent altar of Gozag.
 11913 | D:9      | Reached skill level 7 in Staves
 12065 | D:9      | Found a staircase to the Lair.
 12096 | D:9      | Reached XP level 11. HP: 83/84 MP: 19/19
 12239 | D:9      | Killed dornbeast's ghost
 12572 | D:10     | Entered Level 10 of the Dungeon
 13109 | D:8      | Reached skill level 5 in Conjurations
 13109 | D:8      | Reached skill level 5 in Hexes
 13109 | D:8      | Reached skill level 5 in Summonings
 13109 | D:8      | Reached skill level 5 in Necromancy
 13109 | D:8      | Reached skill level 5 in Translocations
 13109 | D:8      | Reached skill level 5 in Transmutations
 13109 | D:8      | Reached skill level 5 in Fire Magic
 13109 | D:8      | Reached skill level 5 in Ice Magic
 13109 | D:8      | Reached skill level 5 in Air Magic
 13109 | D:8      | Reached skill level 5 in Earth Magic
 13109 | D:8      | Reached skill level 5 in Poison Magic
 14452 | D:11     | Identified the +8 battleaxe "Mussuadi" {flame, Will- Str+5
                  | Int+3 SInv}
 14453 | D:11     | Noticed a four-headed hydra
 14891 | Lair:1   | Entered Level 1 of the Lair of Beasts
 15487 | Lair:1   | Reached skill level 8 in Staves
 15512 | Lair:1   | Reached *** piety under Yredelemnul
 15660 | Lair:1   | Reached **** piety under Yredelemnul
 15667 | Lair:1   | Reached ***** piety under Yredelemnul
 16228 | Lair:1   | Found a transporter.
 16363 | Lair:1   | Found a transporter.
 16625 | Lair:1   | Learned a level 3 spell: Mephitic Cloud
 16841 | Lair:2   | Reached XP level 12. HP: 72/94 MP: 22/22
 17114 | Lair:2   | Reached skill level 9 in Staves
 17662 | Lair:3   | Found a dark tunnel.
 17676 | Volcano  | Entered a volcano
 17725 | Volcano  | Noticed a hell knight
 17729 | Volcano  | Killed a hell knight
 17789 | Volcano  | Noticed a centaur warrior
 17798 | Volcano  | Killed a centaur warrior
 17811 | Volcano  | Lost mutation: You are covered in fur. (AC +1) [potion of
                  | mutation]
 17811 | Volcano  | Gained mutation: Your movements are slightly less
                  | encumbered by armour. (ER -2) [potion of mutation]
 17811 | Volcano  | Gained mutation: You are robust. (+10% HP) [potion of
                  | mutation]
 17811 | Volcano  | Gained mutation: You have sharp fingernails. [potion of
                  | mutation]
 17811 | Volcano  | Gained mutation: You are partially covered in iridescent
                  | scales. (AC +2) [potion of mutation]
 18684 | Lair:3   | Found a staircase to the Snake Pit.
 19653 | Lair:4   | Reached skill level 10 in Staves
 19760 | Lair:4   | Found a staircase to the Shoals.
 19858 | Lair:4   | Found a runed translucent gate.
 19858 | Lair:4   | Found a runed translucent gate.
 19859 | Lair:4   | Found a runed translucent gate.
 19860 | Lair:4   | Noticed a nine-headed hydra
 19861 | Lair:4   | Noticed nickcage's ghost (journeyman DsGl)
 19862 | Lair:4   | Noticed a nine-headed hydra
 19948 | Lair:4   | Reached XP level 13. HP: 70/111 MP: 24/24
 20646 | Lair:4   | Identified the +2 scimitar of Vuruenk {antimagic, +Blink}
 20668 | Lair:4   | Killed nickcage's ghost
 21139 | Lair:5   | Learned a level 2 spell: Blink
 21229 | Lair:5   | Reached skill level 11 in Staves
 22121 | Lair:5   | Learned a level 3 spell: Inner Flame
 22393 | Lair:5   | Identified the +1 leather armour "Zaorph" {Rampage rF+ rC-
                  | Dex+2}
 22522 | Lair:6   | Entered Level 6 of the Lair of Beasts
 22551 | Lair:5   | Identified the +6 shortbow of the Demagogue {flame, Will++}
 22968 | Lair:6   | Reached skill level 10 in Fighting
 22968 | Lair:6   | Reached skill level 10 in Dodging
 22968 | Lair:6   | Reached XP level 14. HP: 121/121 MP: 26/26
 23418 | Lair:6   | Found a staircase to the Slime Pits.
 23541 | Lair:6   | Reached skill level 12 in Staves
 24160 | Lair:6   | Reached skill level 10 in Invocations
 26518 | D:11     | Found the +2 ratskin cloak {*Rats rPois rN+ Str-1 Int-1
                  | Dex+1}
 26764 | D:12     | Found a staircase to the Orcish Mines.
 27702 | D:12     | Reached skill level 10 in Evocations
 27702 | D:12     | Noticed Maurice
 27725 | D:12     | Killed Maurice
 27728 | D:12     | Noticed Azrael
 27746 | D:12     | Found a shimmering blue altar of Sif Muna.
 27889 | D:12     | Killed Azrael
 28561 | D:13     | Identified the +5 halberd "Cocrolum" {flame, Dex+3}
 28750 | Orc:1    | Entered Level 1 of the Orcish Mines
 28767 | Orc:1    | Reached XP level 15. HP: 121/128 MP: 28/28
 29167 | Orc:1    | Reached skill level 13 in Staves
 29409 | Orc:2    | Entered Level 2 of the Orcish Mines
 29457 | Orc:2    | Found a staircase to the Elven Halls.
 29510 | Orc:2    | Noticed an orc warlord
 29518 | Orc:2    | Killed an orc warlord
 29779 | Orc:2    | Found Dirir's Distillery.
 29787 | Orc:2    | Bought a potion of heal wounds for 70 gold pieces
 29787 | Orc:2    | Bought a potion of curing for 42 gold pieces
 29787 | Orc:2    | Bought a potion of curing for 42 gold pieces
 29787 | Orc:2    | Bought a potion of curing for 42 gold pieces
 29787 | Orc:2    | Bought a potion of invisibility for 112 gold pieces
 29787 | Orc:2    | Bought a potion of cancellation for 112 gold pieces
 30052 | Orc:2    | Noticed an orc warlord
 30233 | Orc:2    | Found Una Igif's Antique Weapon Shop.
 30237 | Orc:2    | Found Yvinnuer's Antique Armour Boutique.
 30553 | Orc:2    | Killed an orc warlord
 30554 | Orc:2    | Reached skill level 10 in Short Blades
 30554 | Orc:2    | Reached skill level 10 in Long Blades
 30554 | Orc:2    | Reached skill level 10 in Axes
 30554 | Orc:2    | Reached skill level 10 in Maces & Flails
 30554 | Orc:2    | Reached skill level 10 in Polearms
 30554 | Orc:2    | Reached skill level 10 in Slings
 30554 | Orc:2    | Reached skill level 10 in Bows
 30554 | Orc:2    | Reached skill level 10 in Crossbows
 30554 | Orc:2    | Reached skill level 10 in Throwing
 30554 | Orc:2    | Reached skill level 10 in Armour
 30554 | Orc:2    | Reached skill level 10 in Stealth
 30554 | Orc:2    | Reached skill level 10 in Shields
 30554 | Orc:2    | Reached skill level 10 in Spellcasting
 30652 | Orc:2    | Bought a shimmering trident for 221 gold pieces
 30652 | Orc:2    | Identified the +8 trident "Rarui" {freeze, SInv} (You
                  | bought it in a shop on level 2 of the Orcish Mines)
 30660 | Orc:2    | Bought a pair of glowing gloves for 157 gold pieces
 30844 | Orc:2    | Found Erumin's Antique Armour Shop.
 30851 | Orc:2    | Bought the +3 hat of Pondering {ponderous, Will+ MP+10
                  | Int+5} for 952 gold pieces
 30851 | Orc:2    | Found the +3 hat of Pondering {ponderous, Will+ MP+10
                  | Int+5}
 31922 | D:14     | Noticed Roxanne
 32362 | D:14     | Found a sparkling altar of Nemelex Xobeh.
 32382 | D:14     | Found a gate to the Vaults.
 32478 | Elf:1    | Entered Level 1 of the Elven Halls
 32556 | Elf:1    | Found a transporter.
 32574 | Elf:1    | Found a transporter.
 33682 | D:15     | Entered Level 15 of the Dungeon
 33701 | D:15     | Found a transporter.
 33905 | D:15     | Noticed Qishud's ghost (adept GrEE)
 33916 | D:15     | Found a transporter.
 33916 | D:15     | Noticed Purphixowk's ghost (journeyman DsGl)
 33963 | D:15     | Found Oveiramn's Antique Weapon Emporium.
 33966 | D:15     | Bought a polished scimitar for 324 gold pieces
 33966 | D:15     | Identified the +5 scimitar of the Enchanted Forest {flame,
                  | *Corrode Int+4 SInv} (You bought it in a shop on level 15
                  | of the Dungeon)
 34054 | D:15     | Reached skill level 14 in Staves
 34091 | D:15     | Found Ytotavoa's Assorted Antiques.
 34183 | D:15     | Found a staircase to the Depths.
 34271 | D:15     | Found Miuroypp's Antique Weapon Emporium.
 34287 | D:15     | Found Kifan's Antique Armour Shop.
 34548 | D:15     | Identified the +13 plate armour of Juaseth {Slay+3}
 34616 | D:15     | Found Askanugg's Antique Armour Shop.
 34778 | D:15     | Reached XP level 16. HP: 137/138 MP: 30/30
 34938 | D:15     | Bought a runed scarf for 208 gold pieces
 35160 | Snake:1  | Entered Level 1 of the Snake Pit
 35168 | Snake:1  | Identified the +2 pair of gloves of the Merchant {rF+++
                  | Str+2 Int-5 Dex+4}
 35168 | Snake:1  | Noticed Nikola
 36182 | Snake:2  | Noticed a nagaraja
 36190 | Snake:2  | Killed a nagaraja
 36525 | Snake:2  | You fall into a shaft and drop 1 floor!
 37134 | Snake:3  | Noticed a nagaraja
 37150 | Snake:3  | Killed a nagaraja
 38287 | Snake:2  | Reached skill level 15 in Unarmed Combat
 38288 | Snake:2  | Found Xiubbaew's Book Boutique.
 38288 | Snake:2  | Found Tixyitut's Jewellery Shoppe.
 38289 | Snake:2  | Found Engiwna's Jewellery Shoppe.
 38952 | Snake:3  | Reached skill level 15 in Staves
 39448 | Snake:4  | Entered Level 4 of the Snake Pit
 39448 | Snake:4  | Noticed a nagaraja
 39881 | Snake:1  | Killed Nikola
 39975 | Snake:1  | Found Neqati's Firing Range.
 40223 | Snake:4  | Killed a nagaraja
 40224 | Snake:4  | Reached XP level 17. HP: 111/146 MP: 32/32
 41923 | Snake:4  | Got a serpentine rune of Zot
 42122 | Snake:4  | Found a runed translucent gate.
 42122 | Snake:4  | Found a runed translucent gate.
 42122 | Snake:4  | Found a runed translucent gate.
 42122 | Snake:4  | Noticed Uweged's ghost (adept SpBr)
 42123 | Snake:4  | Found the dreamshard necklace {*Dream Drain}
 42418 | Lair:1   | Identified the -1 hat of Surprise {Stlth+}
 42421 | Lair:1   | Identified the ring of Stoicism {rElec rPois rF+ Str+5
                  | Slay-3}
 43146 | Elf:1    | Reached skill level 10 in Conjurations
 43146 | Elf:1    | Reached skill level 10 in Hexes
 43146 | Elf:1    | Reached skill level 10 in Summonings
 43146 | Elf:1    | Reached skill level 10 in Necromancy
 43146 | Elf:1    | Reached skill level 10 in Translocations
 43146 | Elf:1    | Reached skill level 10 in Transmutations
 43146 | Elf:1    | Reached skill level 10 in Fire Magic
 43146 | Elf:1    | Reached skill level 10 in Ice Magic
 43146 | Elf:1    | Reached skill level 10 in Air Magic
 43146 | Elf:1    | Reached skill level 10 in Earth Magic
 43146 | Elf:1    | Reached skill level 10 in Poison Magic
 43249 | Elf:1    | Noticed wjchen's ghost (adept MiFi)
 43642 | Elf:1    | Reached skill level 16 in Staves
 43671 | Elf:1    | Identified the +5 leather armour of the Countless Visions
                  | {rN+ Str-5 Int+10}
 44203 | Elf:1    | Noticed a sphinx
 44207 | Elf:1    | Noticed a quicksilver dragon
 44207 | Elf:1    | a sphinx changed into a quicksilver dragon
 44507 | Elf:2    | Noticed Saint Roka
 44655 | Elf:2    | HP: 4/146 [+3 battleaxe of distortion (6)]
 44655 | Elf:2    | Killed from afar by a deep elf zephyrmancer

Illustrated notes

Levels and vault maps discovered:
D:1:      erik_arrival_triangle_medium, layout_basic
D:2:      layout_loops_ring, minmay_pentomino_q4
D:3:      layout_basic, serial_glass, glass_columns_a, glass_columns_a,
          glass_columns_b, glass_columns_b, glass_columns_a, glass_columns_c,
          kennysheep_orc_chapel
D:4:      layout_basic, minmay_misc_feat_roman
D:5:      layout_basic, mainiacjoe_overflow_alcove_3
D:6:      layout_basic, zin_purify, temple_pool_b,
          gammafunk_ghost_gnarly_gnolls, gup_ossuary_entry_pyramid
D:7:      layout_gridville, hangedman_minor_gate_pass
D:8:      layout_loops_ring, amcnicky_mini_pool_medium
D:9:      layout_basic, nicolae_gozag_seed_capital, lair_entry_dummy,
          hellmonk_ghost_happy_afterlife, enter_bailey_3,
          kennysheep_generic_room_4
D:10:     lemuel_slime, layout_cave_pools, serial_gnoll_camp,
          gnoll_camp_mini_loothouse, gnoll_camp_mini_hut, gnoll_camp_mini_hut,
          gnoll_camp_medium_02, gnoll_camp_mini_doghouse
D:11:     layout_loops_ring, hangedman_decor_peaks_small
D:12:     layout_loops_cross, orc_0_dummy, led_sif_pool, uniq_maurice,
          uniq_azrael
D:13:     layout_gridville, serial_co_window_serial, co_window_corner_a,
          co_window_corner_a, co_window_paths_a, co_window_of_opportunity_a,
          co_window_of_opportunity_a, co_window_corner_a, co_window_paths_c,
          co_window_of_opportunity_c, co_window_2corner,
          co_window_unsneaky_path_d, co_window_broadway_a
D:14:     layout_cave_pools, erik_vaults_2, minmay_misc_feat_doors,
          nemelex_diamond_rough_becter, uniq_roxanne
D:15:     grunt_enter_depths_hoard, layout_grid_maze, serial_shops,
          nicolae_diamond_shop, shop, shop, nicolae_shop_trees,
          nicolae_diamond_shop, nzn_ghost_randoct
Lair:1:   gammafunk_worm_tunnel, layout_regular_city, lemuel_fruit_tree,
          grunt_megastairs_3
Lair:2:   layout_chaotic_city, st_stairs_13, minmay_lair_oklob_bushes,
          lemuel_fruit_fields
Lair:3:   layout_roguey, guppyfry_snake_entry_garden,
          lightli_volcano_entry_magma_tube, serial_bayou_shore_b
Lair:4:   layout_hall_layers, minmay_shoals_entry_lonely_mermaid,
          gammafunk_ghost_hydra_chop
Lair:5:   layout_hall_layers
Lair:6:   minmay_lair_end_enchanted_forest, layout_cellular_growth,
          minmay_slime_entry_pillars, minivault_11
Snake:1:  layout_cave_pods, nicolae_shop_firing_range, grunt_megastairs_2,
          uniq_nikola
Snake:2:  layout_chambers, nicolae_snake_gridmaze_waves, minmay_shop_grove
Snake:3:  layout_concentric_octagons
Snake:4:  minmay_snake_end_coiled, layout_layer_cave, gammafunk_ghost_necromancy
Orc:1:    layout_diamond_mine, special_room [special_room_bee]
Orc:2:    grunt_orc_community_town_hall, layout_diamond_mine,
          grunt_orc_community_big_house_2, grunt_orc_community_big_house_1,
          grunt_orc_community_house_3, grunt_orc_community_house_2,
          grunt_orc_community_house_2, grunt_orc_community_house_3,
          grunt_orc_community_house_2, grunt_orc_community_house_2,
          abandoned_shop, david_defended_altar_orc
Elf:1:    nicolae_elf_arrival_fired_up, layout_geoelf_grid,
          gammafunk_ghost_berserking_beasts, minmay_elf_crystal_heptagon,
          lemuel_flamethrower_2
Elf:2:    nicolae_elf_blades_splatter_lattice [infiniplex_blade_entry_pillars],
          layout_geoelf_diagonals, serial_shops, nicolae_take_the_stairs,
          nicolae_shop_hallway_plus, uniq_saint_roka

Skill      XL: |  1  2  3  4  5  6  7  8  9 10 11 12 13 14 15 16 17 |
---------------+----------------------------------------------------+-----
Unarmed Combat | 11 12 13 14 15 | 15.6
Invocations    | 1 2 3 4 5 6 7 8 9 10 11 12 13 | 13.1
Short Blades   | 1 2 4 5 6 7 8 9 10 11 12 | 12.0
Long Blades    | 1 2 4 5 6 7 8 9 10 11 12 | 12.0
Axes           | 1 2 4 5 6 7 8 9 10 11 12 | 12.0
Maces & Flails | 1 2 4 5 6 7 8 9 10 11 12 | 12.0
Polearms       | 1 2 4 5 6 7 8 9 10 11 12 | 12.0
Staves         | 1 2 4 5 7 8 10 11 12 14 15 16 | 16.1
Slings         | 1 2 4 5 6 7 8 9 10 11 12 | 12.0
Bows           | 1 2 4 5 6 7 8 9 10 11 12 | 12.0
Crossbows      | 1 2 4 5 6 7 8 9 10 11 12 | 12.0
Throwing       | 1 2 4 5 6 7 8 9 10 11 12 | 12.0
Armour         | 1 2 4 5 6 7 8 9 10 11 12 | 12.0
Stealth        | 1 2 4 5 6 7 8 9 10 11 12 | 12.0
Shields        | 1 2 4 5 6 7 8 9 10 11 12 | 12.0
Spellcasting   | 1 2 4 5 6 7 8 9 10 11 12 | 12.0
Conjurations   | 1 2 3 4 5 6 7 8 9 10 | 10.2
Hexes          | 1 2 3 4 5 6 7 8 9 10 | 10.2
Summonings     | 1 2 3 4 5 6 7 8 9 10 | 10.2
Necromancy     | 1 2 3 4 5 6 7 8 9 10 | 10.2
Translocations | 1 2 3 4 5 6 7 8 9 10 | 10.2
Transmutations | 1 2 3 4 5 6 7 8 9 10 | 10.2
Fire Magic     | 1 2 3 4 5 6 7 8 9 10 | 10.2
Ice Magic      | 1 2 3 4 5 6 7 8 9 10 | 10.2
Air Magic      | 1 2 3 4 5 6 7 8 9 10 | 10.2
Earth Magic    | 1 2 3 4 5 6 7 8 9 10 | 10.2
Poison Magic   | 1 2 3 4 5 6 7 8 9 10 | 10.2
Evocations     | 3 4 5 6 7 8 9 10 11 12 | 12.3
Fighting       | 5 6 7 8 9 10 11 12 | 12.8
Dodging        | 5 6 7 8 9 10 11 12 | 12.8

Action                   |  1- 3 |  4- 6 |  7- 9 | 10-12 | 13-15 | 16-18 || total
-------------------------+-------+-------+-------+-------+-------+-------++-------
Melee: Dagger            |    26 |       |       |   269 |   429 |       ||   724
       Bite              |     4 |    11 |    32 |   114 |   181 |   101 ||   443
       Unarmed           |    47 |   119 |   309 |   174 |       |       ||   649
       Punch             |     2 |     4 |    21 |    50 |     9 |       ||    86
       Glaive            |       |       |       |    74 |    55 |       ||   129
       Hand axe          |       |       |       |    26 |    10 |       ||    36
       Quick blade       |       |       |       |   212 |    51 |       ||   263
       Broad axe         |       |       |       |       |   139 |       ||   139
       Scimitar          |       |       |       |       |   234 |       ||   234
       Trident           |       |       |       |       |   423 |  1008 ||  1431
 Fire: Arbalest          |       |       |       |       |   117 |       ||   117
Throw: Dart              |       |     4 |    13 |    33 |    39 |     5 ||    94
       Throwing net      |       |       |       |       |    11 |       ||    11
 Cast: Inner Flame       |       |       |       |       |    65 |    46 ||   111
       Blink             |       |       |       |       |    14 |     4 ||    18
       Mephitic Cloud    |       |       |       |       |     1 |     2 ||     3
Invok: Recall Undead Har |       |       |     1 |     2 |     1 |     1 ||     5
       Bind Soul         |       |       |       |     1 |       |       ||     1
       Dark Bargain      |       |       |       |     1 |     1 |       ||     2
Evoke: Wand              |       |       |     6 |    17 |    19 |    10 ||    52
       Lightning rod     |       |       |       |       |    13 |     6 ||    19
  Use: Scroll            |       |     6 |    10 |    12 |    12 |    14 ||    54
       Potion            |       |     1 |    10 |    14 |     4 |    23 ||    52
 Stab: Sleeping          |       |     1 |       |       |     9 |    11 ||    21
       Distracted        |       |       |     1 |     6 |     8 |    10 ||    25
       Held in net/web   |       |       |       |       |     4 |       ||     4
       Paralysed         |       |       |       |       |       |     2 ||     2
       Betrayed ally     |       |       |       |       |       |     1 ||     1
Armor: Leather armour    |    11 |    11 |       |       |       |       ||    22
       Chain mail        |       |    28 |       |       |       |       ||    28
       Skin              |       |     4 |       |       |       |       ||     4
       Plate armour      |       |     4 |   220 |    64 |       |       ||   288
       Storm dragon scal |       |       |       |   340 |   779 |   391 ||  1510
Dodge: Dodged            |    50 |    59 |    98 |   349 |   719 |   255 ||  1530
Block: Buckler           |       |       |       |       |   338 |    40 ||   378
       Kite shield       |       |       |       |       |       |   265 ||   265
       Reflection        |       |       |       |       |       |    54 ||    54
       Tower shield      |       |       |       |       |       |   139 ||   139
